 Dungeon Crawl Stone Soup version 0.29.0-4-gdea44cf6ec (webtiles) character file.

Game seed: 15308063367867633897

14 qw the Sneak (level 2, 0/23 HPs)
             Began as a Ghoul Enchanter on Sept 8, 2022.
             Slain by a jackal (1 damage)
             ... on level 1 of the Dungeon.
             The game lasted 00:00:15 (482 turns).

qw the Sneak (Ghoul Enchanter)                       Turns: 482, Time: 00:00:16

Health: 0/23       AC:  2    Str: 11    XL:     2   Next: 45%
Magic:  3/3        EV: 12    Int: 10    God:
Gold:   26         SH:  0    Dex:  9    Spells: 4/4 levels left

rFire   . . .      SeeInvis .   d - +0 club
rCold   + . .      Faith    .   (no shield)
rNeg    + + +      Spirit   .   b - +0 robe
rPois   inf        Reflect  .   (no helmet)
rElec   .          Harm     .   (no cloak)
rCorr   .          Rampage  .   (no gloves)
Will    .....                   (no boots)
Stlth   ++........              (no amulet)
HPRegen 0.00/turn               (no ring)
MPRegen 0.08/turn               (no ring)

@: inhibited regen
A: claws 1, cold resistance 1, negative energy resistance 3, inhibited
regeneration, torment resistance 2, devour on kill
a: no special abilities


You were on level 1 of the Dungeon.
You visited 1 branch of the dungeon, and saw 1 of its levels.

You collected 26 gold pieces.


Innate Abilities, Weirdness & Mutations

You are immune to poison.
You have sharp fingernails.
Your flesh is cold resistant. (rC+)
You are immune to negative energy. (rN+++)
You do not regenerate when monsters are visible.
You are immune to unholy pain and torment.
You thrive by killing the living.


   Skills:
 - Level 1.0 Fighting
 - Level 0.8 Short Blades
 + Level 1.5 Axes
 - Level 1.7 Dodging
 - Level 3.2 Stealth
 - Level 1.7 Spellcasting
 - Level 2.4 Hexes


You had 4 spell levels left.
You didn't know any spells.
Your spell library contained the following spells:

 Spells                   Type           Power      Damage    Failure   Level
 Ensorcelled Hibernation  Hex/Ice        6%         N/A       30%         2
 Confusing Touch          Hex            5%         N/A       34%         3
 Tukima's Dance           Hex            5%         N/A       34%         3
 Dazzling Flash           Conj/Hex       6%         N/A       52%         3

Inventory:

Hand Weapons
 d - a +0 club (weapon)
Armour
 a - a +0 ring mail
 b - a +0 robe (worn)
Scrolls
 e - 3 scrolls of summoning {unknown}
Potions
 c - 2 potions of invisibility

Dungeon Overview and Level Annotations

Branches:
Dungeon (1/15)

Altars:


Message History

The jackal closely misses you. The jackal barely misses you.
The jackal closely misses you. x2
You barely miss the jackal.
The jackal is moderately wounded.
The jackal barely misses you. x2
You closely miss the jackal.
The jackal is moderately wounded.
The jackal misses you. The jackal bites you. The jackal barely misses you.
The jackal bites you.
You closely miss the jackal.
The jackal is moderately wounded.
The jackal closely misses you. x2
The jackal bites you but does no damage. x2
You hit the jackal.
The jackal is severely wounded.
The jackal barely misses you. The jackal closely misses you.
You hit the jackal.
You kill the jackal!
The jackal misses you. The jackal closely misses you.
You closely miss the jackal.
The jackal bites you but does no damage.
The jackal completely misses you.
You miss the jackal. The jackal closely misses you. The jackal bites you.
You hit the jackal.
The jackal is lightly wounded.
The jackal closely misses you. x2
You hit the jackal.
The jackal is almost dead.
The jackal bites you.
You barely miss the jackal.
The jackal is almost dead.
The jackal bites you but does no damage. x2
You barely miss the jackal.
The jackal is almost dead.
The jackal misses you. The jackal bites you.
You hit the jackal but do no damage.
The jackal is almost dead.
The jackal barely misses you. The jackal bites you.
You die...

##...#.# ##...#.#
......... ##...# .
.........
##...#######........ #
###.............#
#.............
#........##g.
#........##h#
######........#%@#
#...##........#.####..
..#....................
#####.#######.######...
......................
######...###.%######..
.............##
........>.##.#
.###########.#


You could see a jackal and a goblin.

Vanquished Creatures
  2 endoplasms (D:1)
  A giant cockroach (D:1)
  A goblin (D:1)
  A hobgoblin (D:1)
  2 jackals (D:1)
  3 ball pythons (D:1)
  3 rats (D:1)
13 creatures vanquished.

Notes
Turn   | Place    | Note
-------+----------+-------------------------------------------
     0 | D:1      | qw the Ghoul Enchanter began the quest for the Orb.
     0 | D:1      | Reached XP level 1. HP: 14/14 MP: 2/2
     0 | D:1      | 0 ||| qw: Version: 0.1-a-112-g44dc6cd
     0 | D:1      | 0 ||| qw: Game counter: 6694
     0 | D:1      | 0 ||| qw: Always use a shield: true
     0 | D:1      | 0 ||| qw: God list: Okawaru
     0 | D:1      | 0 ||| qw: Allow faded altars: false
     0 | D:1      | 0 ||| qw: Do Orc after D:15 true
     0 | D:1      | 0 ||| qw: Do second Lair branch before Depths: true
     0 | D:1      | 0 ||| qw: Lair rune preference: random
     0 | D:1      | 0 ||| qw: Plans: Normal
     0 | D:1      | 0 ||| PLANNING D:1-11
    30 | D:1      | 30 ||| Stepping ~*~*~tactically~*~*~ (outnumbered).
    43 | D:1      | Reached skill level 1 in Axes
    47 | D:1      | 47 ||| SWAPPING to +0 club.
    48 | D:1      | 48 ||| DROPPING +1 dagger.
   192 | D:1      | Reached XP level 2. HP: 12/22 MP: 3/3
   410 | D:1      | Reached skill level 1 in Fighting
   429 | D:1      | 429 ||| Stepping ~*~*~tactically~*~*~ (stealth).
   472 | D:1      | HP: 4/23 [jackal (2)]
   477 | D:1      | HP: 3/23 [jackal (1)]
   481 | D:1      | HP: 1/23 [jackal (1)]
   482 | D:1      | Slain by a jackal

Levels and vault maps discovered:
D:1:      tarquinn_simple_flora_water_c, layout_basic,
          shapermc_ecumenical_altar_flowoftime, kennysheep_small_spiral,
          st_stairs_13

Skill      XL: |  1  2 |
---------------+-------+-----
Axes           | 1 |  1.5
Fighting       | 1 |  1.0
Short Blades   | |  0.8
Dodging        | |  1.7
Stealth        | |  3.2
Spellcasting   | |  1.7
Hexes          | |  2.4

Action                   || total
-------------------------++-------
Melee: Dagger            ||    15
       Club              ||    50
Armor: Robe              ||    12
Dodge: Dodged            ||    65

Table legend:
 A = Non-vault XP
 B = Vault XP
 C = Vault XP percentage of total XP
 D = Non-vault monster count
 E = Vault monster count
 F = Vault count percentage of total count
                 A         B        C        D         E       F
            +---------+---------+-------+---------+---------+-------
      Total |      19 |       2 |   9.5 |      12 |       1 |   7.7
            +---------+---------+-------+---------+---------+-------
        D:1 |      19 |       2 |   9.5 |      12 |       1 |   7.7
            +---------+---------+-------+---------+---------+-------
